AoeStats
← mvkris92

Arabia

510769886Analyzed
3v3 RM · 15h ago on Oct 2, 2026· 57m 37s· 6 players
Game mode
Random Map
Map size
Normal (6 player)
Population
200
Speed
Normal
Resources
Standard
Victory
Conquest
Starting age
Dark Age
Ending age
Imperial Age
RankedLock teamsTeams togetherTeam positionsShared explorationLock speedFull tech treeHidden civsTurbo modeCheats
Victory
Defeat
🇮🇳 Turks · India
788
+12
🇨🇳 Chinese · China
715
+15
🇦🇷 Celts · Argentina
708
+16
🇬🇧 Ethiopians · United Kingdom
755
-16
🇩🇪 Franks · Germany
681
-14
🇹🇷 Celts · Türkiye
657
-13
internet-shop24
11:35 Feudal Age
12:59 Wheelbarrow
17:05 Town Watch
18:16 Double-Bit Axe
22:33 Castle Age
21:17 Stone Mining
23:49 Bow Saw
26:59 Loom
28:54 Hand Cart
34:59 Caravan
40:24 Imperial Age
37:41 Town Watch
BozKURT
10:01 Feudal Age
11:01 Double-Bit Axe
16:20 Horse Collar
20:50 Castle Age
20:16 Stone Mining
21:58 Man-at-Arms
22:49 Pikeman
33:42 Gambesons
33:46 Long Swordsman
34:46 Husbandry
35:01 Light Cavalry
37:01 Stronghold
37:39 Elite Skirmisher
43:13 Forging
43:04 Scale Mail Armor
45:12 Bow Saw
47:36 Scale Barding Armor
48:08 Iron Casting
49:13 Arson
Peter the Great
5:13 Loom
11:39 Feudal Age
20:55 Castle Age
19:33 Horse Collar
24:20 Wheelbarrow
24:55 Scale Barding Armor
29:06 Fletching
33:39 Forging
34:05 Scale Mail Armor
35:33 Bodkin Arrow
jackattak
0:36 Loom
12:45 Feudal Age
13:21 Double-Bit Axe
16:40 Wheelbarrow
16:06 Horse Collar
21:37 Man-at-Arms
22:03 Arson
25:41 Castle Age
25:51 Pikeman
26:18 Gambesons
25:55 Long Swordsman
27:26 Scale Mail Armor
27:36 Forging
29:08 Gold Mining
30:57 Bow Saw
30:44 Stone Mining
31:29 Gold Shaft Mining
31:48 Hand Cart
34:30 Iron Casting
34:11 Chain Mail Armor
35:44 Heavy Plow
39:06 Imperial Age
38:05 Ballistics
39:24 Two-Handed Swordsman
40:53 Conscription
41:01 Capped Ram
43:18 Chemistry
42:26 Siege Engineers
42:50 Stronghold
45:26 Stone Shaft Mining
44:55 Halberdier
47:29 Plate Mail Armor
47:59 Blast Furnace
46:50 Fletching
47:01 Padded Archer Armor
48:41 Furor Celtica
49:38 Siege Ram
51:51 Heavy Scorpion
zgjxdanny
0:29 Loom
12:26 Feudal Age
23:54 Castle Age
22:02 Fletching
22:18 Scale Barding Armor
24:01 Crossbowman
28:02 Chain Barding Armor
27:44 Padded Archer Armor
27:39 Bodkin Arrow
31:52 Gold Mining
33:15 Double-Bit Axe
33:47 Stone Mining
34:22 Bloodlines
34:13 Husbandry
36:56 Forging
39:05 Wheelbarrow
38:53 Leather Archer Armor
41:00 Hand Cart
43:43 Pikeman
47:04 Squires
47:12 Thumb Ring
48:31 Bow Saw
48:37 Fortified Wall
48:26 Light Cavalry
52:41 Imperial Age
51:23 Great Wall
55:13 Ballistics
56:29 Scale Mail Armor
57:00 Ring Archer Armor
56:31 Bracer
56:27 Arbalester
57:46 Gold Shaft Mining
58:15 Two-Man Saw
57:54 Stone Shaft Mining
57:36 Masonry
mvkris92
8:14 Loom
11:17 Feudal Age
11:50 Horse Collar
15:38 Forging
16:09 Wheelbarrow
23:03 Castle Age
22:18 Scale Barding Armor
22:17 Fletching
22:28 Padded Archer Armor
24:05 Husbandry
24:02 Gold Mining
24:35 Heavy Plow
24:23 Double-Bit Axe
25:35 Gold Shaft Mining
25:40 Bloodlines
26:23 Thumb Ring
26:20 Bodkin Arrow
27:43 Leather Archer Armor
32:34 Imperial Age
31:20 Hand Cart
33:30 Ballistics
33:06 Murder Holes
35:28 Chain Barding Armor
35:09 Bracer
35:41 Ring Archer Armor
35:55 Town Watch
44:41 Town Patrol
48:05 Conscription
47:08 Elite Janissary
Connection lost

Rejoining the realm…

Still unreachable

The connection could not be restored.

Session expired

The server has moved on; the page needs a fresh start.